[ AOE2 MATCH · #480655842 ]
Team RMMaya vs Maya
[ REPLAY ANALYSIS · EXTRACTED FROM THE RECORDED GAME ]
Feudal
13:23
Castle
17:19
Imperial
44:34
| APM avg | 26.8 |
| APM peak | 46 |
| eAPM avg | 19.4 |
| Villagers / military | 168 / 116 |
Focus
⚔️ 29.8% · 🌾 70.2%
Eagle Scout ×88 · Scorpion ×11 · Plumed Archer ×10 · Mangonel ×4 · Monk ×3
Feudal
15:05
Castle
18:40
Imperial
37:05
| APM avg | 65.3 |
| APM peak | 109 |
| eAPM avg | 29.8 |
| Villagers / military | 186 / 175 |
Focus
⚔️ 39.3% · 🌾 60.7%
Mangudai ×96 · Steppe Lancer ×40 · Scout Cavalry ×21 · Battering Ram ×17 · Knight ×1
Feudal
16:09
Castle
19:57
Imperial
43:57
| APM avg | 33.8 |
| APM peak | 69 |
| eAPM avg | 20.3 |
| Villagers / military | 145 / 148 |
Focus
⚔️ 19.7% · 🌾 80.3%
Skirmisher ×50 · Archer ×50 · Iron Pagoda ×14 · War Wagon ×10 · Trebuchet (Packed) ×9 · Monk ×8
Feudal
13:09
Castle
22:48
Imperial
43:51
| APM avg | 57.6 |
| APM peak | 124 |
| eAPM avg | 28.5 |
| Villagers / military | 137 / 205 |
Focus
⚔️ 54.0% · 🌾 46.0%
Archer ×91 · Militia ×84 · Fire Lancer ×11 · Trebuchet (Packed) ×6 · Battle Elephant ×5 · Mangonel ×3
Feudal
11:59
Castle
21:32
Imperial
42:29
| APM avg | 58.1 |
| APM peak | 112 |
| eAPM avg | 26.7 |
| Villagers / military | 148 / 335 |
Focus
⚔️ 34.9% · 🌾 65.1%
Skirmisher ×172 · Cavalry Archer ×79 · Militia ×53 · Scout Cavalry ×14 · Trebuchet (Packed) ×14 · Monk ×2
Feudal
15:14
Castle
19:06
Imperial
46:06
| APM avg | 33.9 |
| APM peak | 115 |
| eAPM avg | 22.2 |
| Villagers / military | 173 / 173 |
Focus
⚔️ 30.7% · 🌾 69.3%
Shotel Warrior ×86 · Spearman ×65 · Mangonel ×11 · Scorpion ×7 · Battering Ram ×2 · Trebuchet (Packed) ×2
Feudal
13:24
Castle
17:17
Imperial
43:01
| APM avg | 38.9 |
| APM peak | 117 |
| eAPM avg | 21.8 |
| Villagers / military | 201 / 485 |
Focus
⚔️ 31.9% · 🌾 68.1%
Eagle Scout ×281 · Spearman ×148 · Plumed Archer ×56
Feudal
14:22
Castle
18:43
Imperial
37:46
| APM avg | 36.8 |
| APM peak | 75 |
| eAPM avg | 23.0 |
| Villagers / military | 232 / 380 |
Focus
⚔️ 33.9% · 🌾 66.1%
Knight ×358 · Conquistador ×18 · Battering Ram ×3 · Spearman ×1
Match map
Initial resources + every placement click. Lines = walls · curves = elevation contours. ◆ gold · ⬟ stone · ● berries · ✦ relic · ◌ wall gap
Your base· Open — unwalled flank
thebjornlothbrok's base· Open — unwalled flank
长雪糕's base· Open — 11t gap
Vetinari's base· Open — unwalled flank
中方县最后一个老实人's base· Open — unwalled flank
Via's base· Open — unwalled flank
Dongbaba's base· Open — 8t gap
Zead's base· Open — unwalled flank
Smoothed initial terrain · ◌ = detected wall gap · hover for details
Inputs per minute
— 凯里小风风 - - thebjornlothbrok
Build order — 凯里小风风
First 150 of 484 actions detected
| 0:28 | Build | Town Center |
| 2:08 | Build | House |
| 2:43 | Create | Villager (Male) |
| 2:47 | Create | Villager (Male) |
| 2:47 | Create | Villager (Male) |
| 2:47 | Create | Villager (Male) |
| 3:00 | Build | Lumber Camp |
| 3:57 | Create | Villager (Male) |
| 4:10 | Build | House |
| 4:23 | Create | Villager (Male) |
| 4:23 | Create | Villager (Male) |
| 4:24 | Research | Loom |
| 4:59 | Create | Villager (Male) |
| 5:37 | Create | Villager (Male) |
| 5:38 | Create | Villager (Male) |
| 5:55 | Build | House |
| 6:13 | Create | Villager (Male) |
| 6:13 | Create | Villager (Male) |
| 6:33 | Create | Villager (Male) |
| 6:34 | Create | Villager (Male) |
| 6:42 | Create | Villager (Male) |
| 6:49 | Build | Mill |
| 7:08 | Create | Villager (Male) |
| 7:09 | Create | Villager (Male) |
| 7:30 | Create | Villager (Male) |
| 7:33 | Create | Villager (Male) |
| 7:35 | Create | Villager (Male) |
| 7:36 | Create | Villager (Male) |
| 7:37 | Create | Villager (Male) |
| 8:01 | Create | Villager (Male) |
| 8:35 | Create | Villager (Male) |
| 8:38 | Build | House |
| 8:55 | Create | Villager (Male) |
| 9:02 | Create | Villager (Male) |
| 9:24 | Create | Villager (Male) |
| 9:29 | Build | Mill |
| 9:57 | Create | Villager (Male) |
| 10:43 | Research | Feudal Age |
| 10:56 | Build | Mining Camp |
| 11:35 | Build | Farm |
| 12:09 | Build | House |
| 13:23 | Age | Feudal Age |
| 13:24 | Create | Villager (Male) |
| 13:31 | Build | Market |
| 13:37 | Build | Blacksmith |
| 13:44 | Create | Villager (Male) |
| 13:58 | Create | Villager (Male) |
| 14:02 | Build | House |
| 14:34 | Research | Double-Bit Axe |
| 14:36 | Research | Castle Age |
| 15:27 | Research | Horse Collar |
| 15:32 | Research | Gold Mining |
| 17:19 | Age | Castle Age |
| 17:23 | Build | Town Center |
| 17:25 | Create | Villager (Male) |
| 17:31 | Create | Villager (Male) |
| 17:39 | Build | Siege Workshop |
| 17:45 | Create | Villager (Male) |
| 18:07 | Build | Monastery |
| 18:22 | Create | Villager (Male) |
| 18:34 | Research | Bow Saw |
| 18:41 | Create | Villager (Male) |
| 18:49 | Create | Villager (Male) |
| 18:53 | Create | Monk |
| 18:58 | Build | Farm |
| 19:01 | Create | Villager (Male) |
| 19:04 | Build | House |
| 19:05 | Build | House |
| 19:18 | Create | Villager (Male) |
| 19:21 | Create | Villager (Male) |
| 19:22 | Build | Farm |
| 19:27 | Build | Farm |
| 19:31 | Build | Farm |
| 19:33 | Research | Heavy Plow |
| 19:38 | Research | Stone Mining |
| 19:49 | Build | House |
| 19:55 | Create | Villager (Male) |
| 19:57 | Create | Villager (Male) |
| 20:01 | Create | Villager (Male) |
| 20:05 | Build | Farm |
| 20:10 | Build | House |
| 20:16 | Build | Farm |
| 20:19 | Create | Villager (Male) |
| 20:22 | Create | Villager (Male) |
| 20:27 | Build | Farm |
| 20:45 | Create | Scorpion |
| 20:57 | Create | Villager (Male) |
| 20:59 | Create | Villager (Male) |
| 21:03 | Create | Villager (Male) |
| 21:15 | Create | Scorpion |
| 21:20 | Build | House |
| 21:22 | Build | House |
| 21:28 | Build | Lumber Camp |
| 21:37 | Research | Town Watch |
| 21:55 | Create | Villager (Male) |
| 21:56 | Create | Villager (Male) |
| 22:03 | Create | Villager (Male) |
| 22:14 | Create | Monk |
| 22:27 | Create | Scorpion |
| 22:35 | Research | Wheelbarrow |
| 22:51 | Create | Scorpion |
| 23:57 | Create | Villager (Male) |
| 24:27 | Build | Farm |
| 24:34 | Create | Mangonel |
| 24:38 | Create | Villager (Male) |
| 26:15 | Build | Farm |
| 26:15 | Build | Farm |
| 26:35 | Build | Town Center |
| 27:37 | Create | Villager (Male) |
| 27:39 | Create | Villager (Male) |
| 27:51 | Create | Villager (Male) |
| 28:02 | Create | Villager (Male) |
| 28:19 | Create | Villager (Male) |
| 28:42 | Build | Town Center |
| 28:46 | Create | Villager (Male) |
| 28:51 | Create | Villager (Male) |
| 29:04 | Create | Villager (Male) |
| 29:14 | Build | Farm |
| 29:17 | Build | Farm |
| 29:48 | Create | Villager (Male) |
| 29:54 | Build | Siege Workshop |
| 30:06 | Build | Mining Camp |
| 30:11 | Create | Villager (Male) |
| 30:14 | Create | Villager (Male) |
| 30:19 | Create | Villager (Male) |
| 30:26 | Create | Villager (Male) |
| 30:44 | Create | Villager (Male) |
| 30:52 | Create | Villager (Male) |
| 30:53 | Create | Villager (Male) |
| 30:56 | Build | Farm |
| 30:59 | Build | Farm |
| 31:00 | Build | Farm |
| 31:10 | Build | Farm |
| 31:12 | Build | Farm |
| 31:16 | Create | Villager (Male) |
| 31:19 | Create | Villager (Male) |
| 31:22 | Build | Farm |
| 31:24 | Build | Farm |
| 31:35 | Create | Villager (Male) |
| 31:47 | Build | Castle |
| 31:49 | Create | Villager (Male) |
| 31:55 | Create | Villager (Male) |
| 32:10 | Create | Villager (Male) |
| 32:13 | Create | Villager (Male) |
| 32:32 | Build | Farm |
| 32:34 | Build | Farm |
| 32:35 | Build | Farm |
| 32:37 | Build | Farm |
| 32:39 | Create | Villager (Male) |
| 32:45 | Create | Mangonel |
Build order — thebjornlothbrok
First 150 of 594 actions detected
| 1:19 | Build | Town Center |
| 2:53 | Build | Palisade Wall |
| 2:58 | Build | Palisade Wall |
| 3:00 | Build | Palisade Wall |
| 3:03 | Build | Palisade Wall |
| 3:06 | Build | Palisade Wall |
| 3:35 | Build | House |
| 3:44 | Create | Villager (Male) |
| 3:44 | Create | Villager (Male) |
| 3:44 | Create | Villager (Male) |
| 3:45 | Research | Loom |
| 3:45 | Create | Villager (Male) |
| 3:45 | Create | Villager (Male) |
| 5:09 | Build | Lumber Camp |
| 5:16 | Create | Villager (Male) |
| 5:17 | Create | Villager (Male) |
| 5:18 | Create | Villager (Male) |
| 5:18 | Create | Villager (Male) |
| 5:40 | Build | House |
| 5:50 | Build | House |
| 5:57 | Create | Villager (Male) |
| 6:11 | Build | House |
| 6:32 | Create | Villager (Male) |
| 6:33 | Create | Villager (Male) |
| 6:40 | Create | Villager (Male) |
| 6:55 | Build | House |
| 7:04 | Build | House |
| 7:12 | Create | Villager (Male) |
| 7:23 | Create | Villager (Male) |
| 7:23 | Create | Villager (Male) |
| 7:23 | Create | Villager (Male) |
| 7:36 | Create | Villager (Male) |
| 7:36 | Create | Villager (Male) |
| 7:38 | Build | House |
| 7:54 | Build | Mill |
| 7:54 | Create | Villager (Male) |
| 7:54 | Create | Villager (Male) |
| 8:05 | Create | Villager (Male) |
| 8:31 | Build | House |
| 9:21 | Create | Villager (Male) |
| 10:16 | Create | Villager (Male) |
| 10:20 | Build | House |
| 10:41 | Create | Villager (Male) |
| 10:54 | Build | House |
| 11:00 | Create | Villager (Male) |
| 11:03 | Create | Villager (Male) |
| 11:07 | Build | House |
| 11:17 | Build | House |
| 11:47 | Create | Villager (Male) |
| 11:56 | Research | Loom |
| 11:56 | Research | Feudal Age |
| 12:50 | Build | Palisade Wall |
| 12:51 | Build | Palisade Wall |
| 12:53 | Build | Palisade Wall |
| 12:57 | Build | Palisade Wall |
| 12:58 | Build | Palisade Wall |
| 12:59 | Build | Palisade Wall |
| 13:00 | Build | Palisade Wall |
| 13:01 | Build | Palisade Wall |
| 13:44 | Build | Palisade Wall |
| 13:44 | Build | Palisade Wall |
| 14:12 | Create | Villager (Male) |
| 15:05 | Age | Feudal Age |
| 15:10 | Build | Market |
| 15:12 | Build | Blacksmith |
| 15:15 | Research | Double-Bit Axe |
| 15:26 | Create | Villager (Male) |
| 15:54 | Build | Mining Camp |
| 16:00 | Research | Castle Age |
| 16:29 | Research | Stone Mining |
| 17:11 | Research | Fletching |
| 17:12 | Research | Fletching |
| 17:33 | Create | Villager (Male) |
| 17:50 | Build | House |
| 18:10 | Build | Barracks |
| 18:40 | Age | Castle Age |
| 18:46 | Build | Castle |
| 18:46 | Research | Bodkin Arrow |
| 18:48 | Create | Villager (Male) |
| 18:53 | Build | University |
| 19:16 | Create | Villager (Male) |
| 19:16 | Create | Villager (Male) |
| 19:16 | Create | Villager (Male) |
| 19:32 | Create | Villager (Male) |
| 19:38 | Build | House |
| 20:03 | Create | Mangudai |
| 20:04 | Create | Mangudai |
| 20:14 | Create | Mangudai |
| 20:14 | Create | Mangudai |
| 20:28 | Build | Town Center |
| 20:29 | Create | Villager (Male) |
| 20:29 | Create | Villager (Male) |
| 20:43 | Build | Palisade Wall |
| 20:44 | Build | Palisade Wall |
| 20:46 | Build | Palisade Wall |
| 20:47 | Build | Palisade Wall |
| 20:55 | Build | Palisade Wall |
| 20:57 | Build | Palisade Wall |
| 21:18 | Create | Mangudai |
| 21:19 | Create | Mangudai |
| 21:21 | Create | Villager (Male) |
| 21:21 | Create | Villager (Male) |
| 21:54 | Create | Mangudai |
| 22:01 | Create | Villager (Male) |
| 22:02 | Create | Villager (Male) |
| 22:02 | Create | Villager (Male) |
| 23:31 | Create | Villager (Male) |
| 23:31 | Create | Villager (Male) |
| 23:31 | Create | Villager (Male) |
| 23:50 | Research | Ballistics |
| 24:15 | Create | Mangudai |
| 24:33 | Build | Farm |
| 24:34 | Build | Farm |
| 24:34 | Build | Farm |
| 24:34 | Build | Farm |
| 24:34 | Build | Farm |
| 24:35 | Build | Farm |
| 24:35 | Create | Villager (Male) |
| 24:35 | Create | Villager (Male) |
| 24:41 | Build | Mill |
| 24:50 | Create | Villager (Male) |
| 24:51 | Create | Villager (Male) |
| 24:51 | Create | Villager (Male) |
| 24:58 | Build | Town Center |
| 25:02 | Create | Mangudai |
| 26:06 | Create | Mangudai |
| 26:08 | Create | Villager (Male) |
| 26:17 | Build | Town Center |
| 26:22 | Create | Mangudai |
| 26:41 | Create | Villager (Male) |
| 26:41 | Create | Villager (Male) |
| 26:42 | Create | Villager (Male) |
| 26:43 | Build | Farm |
| 26:43 | Build | Farm |
| 26:43 | Build | Farm |
| 26:43 | Build | Farm |
| 26:44 | Build | Farm |
| 26:44 | Build | Farm |
| 26:44 | Create | Villager (Male) |
| 26:44 | Create | Villager (Male) |
| 27:22 | Create | Villager (Male) |
| 27:25 | Create | Villager (Male) |
| 27:26 | Create | Villager (Male) |
| 27:26 | Create | Villager (Male) |
| 27:38 | Build | Farm |
| 27:39 | Build | Farm |
| 27:39 | Build | Farm |
| 27:39 | Build | Farm |
| 27:40 | Build | Farm |
| 27:40 | Build | Farm |
Build order — 长雪糕
First 150 of 416 actions detected
| 0:10 | Build | Town Center |
| 0:23 | Build | House |
| 2:57 | Create | Villager (Male) |
| 2:57 | Create | Villager (Male) |
| 2:57 | Create | Villager (Male) |
| 2:57 | Create | Villager (Male) |
| 2:58 | Create | Villager (Male) |
| 4:21 | Create | Villager (Male) |
| 4:21 | Create | Villager (Male) |
| 4:35 | Create | Villager (Male) |
| 4:36 | Create | Villager (Male) |
| 4:37 | Research | Loom |
| 4:37 | Research | Loom |
| 4:41 | Build | House |
| 5:08 | Create | Villager (Male) |
| 5:09 | Create | Villager (Male) |
| 5:16 | Create | Villager (Male) |
| 5:16 | Create | Villager (Male) |
| 5:27 | Create | Villager (Male) |
| 5:27 | Create | Villager (Male) |
| 5:51 | Create | Villager (Male) |
| 5:52 | Create | Villager (Male) |
| 6:08 | Create | Villager (Male) |
| 6:08 | Create | Villager (Male) |
| 6:20 | Build | House |
| 6:32 | Create | Villager (Male) |
| 6:33 | Create | Villager (Male) |
| 7:24 | Create | Villager (Male) |
| 7:24 | Create | Villager (Male) |
| 7:24 | Create | Villager (Male) |
| 8:37 | Build | Lumber Camp |
| 8:42 | Create | Villager (Male) |
| 8:43 | Create | Villager (Male) |
| 9:07 | Build | House |
| 9:35 | Create | Villager (Male) |
| 9:35 | Create | Villager (Male) |
| 9:52 | Build | House |
| 9:57 | Build | House |
| 10:33 | Build | Mill |
| 10:46 | Build | House |
| 11:21 | Create | Villager (Male) |
| 11:21 | Create | Villager (Male) |
| 11:59 | Build | Mining Camp |
| 12:15 | Build | House |
| 12:18 | Create | Villager (Male) |
| 12:44 | Create | Villager (Male) |
| 12:54 | Build | Palisade Wall |
| 12:57 | Build | Palisade Wall |
| 13:01 | Build | House |
| 13:04 | Create | Villager (Male) |
| 13:19 | Create | Villager (Male) |
| 13:36 | Research | Feudal Age |
| 13:45 | Build | Palisade Wall |
| 13:54 | Build | Palisade Wall |
| 13:54 | Build | Palisade Wall |
| 13:55 | Build | Palisade Wall |
| 13:58 | Build | Palisade Wall |
| 13:58 | Build | Palisade Wall |
| 16:09 | Age | Feudal Age |
| 16:12 | Research | Town Watch |
| 16:13 | Research | Double-Bit Axe |
| 16:15 | Build | Market |
| 16:17 | Build | Blacksmith |
| 16:34 | Create | Villager (Male) |
| 17:05 | Build | Watch Tower |
| 17:17 | Research | Castle Age |
| 17:17 | Research | Castle Age |
| 19:48 | Build | House |
| 19:57 | Age | Castle Age |
| 20:00 | Create | Villager (Male) |
| 20:14 | Build | Town Center |
| 20:59 | Build | Mining Camp |
| 21:04 | Build | Mining Camp |
| 21:13 | Create | Villager (Male) |
| 21:13 | Create | Villager (Male) |
| 21:21 | Research | Bow Saw |
| 21:26 | Create | Villager (Male) |
| 21:27 | Create | Villager (Male) |
| 21:43 | Create | Villager (Male) |
| 21:45 | Create | Villager (Male) |
| 21:58 | Build | Siege Workshop |
| 21:59 | Create | Villager (Male) |
| 22:59 | Create | Scorpion |
| 23:32 | Create | Scorpion |
| 23:38 | Create | Villager (Male) |
| 24:02 | Create | Villager (Male) |
| 24:03 | Create | Villager (Male) |
| 24:04 | Create | Villager (Male) |
| 24:42 | Build | Town Center |
| 24:52 | Create | Villager (Male) |
| 24:52 | Create | Villager (Male) |
| 24:54 | Create | Villager (Male) |
| 24:54 | Create | Villager (Male) |
| 25:00 | Research | Horse Collar |
| 25:01 | Research | Horse Collar |
| 25:05 | Create | Scorpion |
| 25:08 | Create | Villager (Male) |
| 25:30 | Build | Farm |
| 25:31 | Build | Farm |
| 25:32 | Build | Farm |
| 25:35 | Build | Farm |
| 25:54 | Build | Farm |
| 25:56 | Build | Farm |
| 25:59 | Build | House |
| 25:59 | Build | House |
| 25:59 | Build | House |
| 25:59 | Build | House |
| 26:00 | Build | House |
| 26:00 | Build | House |
| 26:01 | Build | House |
| 26:01 | Build | House |
| 26:01 | Build | House |
| 26:09 | Build | Farm |
| 26:11 | Build | Farm |
| 26:19 | Create | Iron Pagoda |
| 26:19 | Create | Iron Pagoda |
| 26:23 | Build | Farm |
| 26:25 | Build | Farm |
| 26:27 | Build | Farm |
| 26:30 | Build | Farm |
| 26:32 | Create | Villager (Male) |
| 26:32 | Create | Villager (Male) |
| 26:52 | Create | Villager (Male) |
| 27:01 | Build | Farm |
| 27:02 | Build | Farm |
| 27:03 | Build | Farm |
| 27:11 | Create | Scorpion |
| 27:15 | Build | Mining Camp |
| 27:17 | Create | Villager (Male) |
| 27:17 | Create | Villager (Male) |
| 27:20 | Build | Farm |
| 27:21 | Create | Villager (Male) |
| 27:48 | Build | Monastery |
| 27:57 | Create | Iron Pagoda |
| 28:00 | Create | Villager (Male) |
| 28:00 | Create | Villager (Male) |
| 28:01 | Create | Villager (Male) |
| 28:01 | Create | Villager (Male) |
| 28:08 | Build | Outpost |
| 28:16 | Create | Monk |
| 28:17 | Create | Monk |
| 28:21 | Build | Monastery |
| 28:25 | Create | Scorpion |
| 28:26 | Create | Scorpion |
| 28:28 | Build | House |
| 28:28 | Build | House |
| 28:29 | Build | House |
| 28:33 | Create | Villager (Male) |
| 28:34 | Build | Farm |
| 28:35 | Create | Villager (Male) |
Build order — Vetinari
First 150 of 463 actions detected
| 0:34 | Build | Town Center |
| 0:50 | Build | Town Center |
| 1:54 | Build | House |
| 1:55 | Build | House |
| 3:02 | Create | Villager (Male) |
| 3:02 | Create | Villager (Male) |
| 3:02 | Create | Villager (Male) |
| 3:02 | Create | Villager (Male) |
| 3:02 | Create | Villager (Male) |
| 3:02 | Create | Villager (Male) |
| 3:03 | Create | Villager (Male) |
| 3:03 | Create | Villager (Male) |
| 3:03 | Create | Villager (Male) |
| 4:23 | Create | Villager (Male) |
| 4:23 | Create | Villager (Male) |
| 4:23 | Create | Villager (Male) |
| 4:23 | Create | Villager (Male) |
| 4:23 | Create | Villager (Male) |
| 4:23 | Create | Villager (Male) |
| 4:48 | Create | Villager (Male) |
| 4:48 | Create | Villager (Male) |
| 4:48 | Create | Villager (Male) |
| 4:48 | Create | Villager (Male) |
| 4:48 | Create | Villager (Male) |
| 4:48 | Create | Villager (Male) |
| 5:25 | Create | Villager (Male) |
| 5:25 | Create | Villager (Male) |
| 5:25 | Create | Villager (Male) |
| 5:25 | Create | Villager (Male) |
| 5:25 | Create | Villager (Male) |
| 5:25 | Create | Villager (Male) |
| 5:25 | Create | Villager (Male) |
| 5:25 | Create | Villager (Male) |
| 5:25 | Create | Villager (Male) |
| 6:06 | Create | Villager (Male) |
| 6:06 | Create | Villager (Male) |
| 6:06 | Create | Villager (Male) |
| 6:06 | Create | Villager (Male) |
| 6:07 | Create | Villager (Male) |
| 6:07 | Create | Villager (Male) |
| 6:07 | Create | Villager (Male) |
| 6:11 | Create | Villager (Male) |
| 6:11 | Create | Villager (Male) |
| 6:11 | Create | Villager (Male) |
| 6:11 | Create | Villager (Male) |
| 6:11 | Create | Villager (Male) |
| 6:12 | Create | Villager (Male) |
| 6:50 | Build | House |
| 7:15 | Build | Lumber Camp |
| 7:21 | Build | Lumber Camp |
| 7:32 | Create | Villager (Male) |
| 8:03 | Create | Villager (Male) |
| 8:03 | Create | Villager (Male) |
| 8:39 | Build | House |
| 9:01 | Build | House |
| 9:19 | Create | Villager (Male) |
| 9:19 | Create | Villager (Male) |
| 9:24 | Create | Villager (Male) |
| 10:13 | Build | Mill |
| 10:18 | Create | Villager (Male) |
| 10:48 | Research | Feudal Age |
| 10:49 | Research | Feudal Age |
| 11:07 | Build | Lumber Camp |
| 11:23 | Create | Villager (Male) |
| 11:24 | Create | Villager (Male) |
| 11:37 | Build | Palisade Wall |
| 12:01 | Build | Barracks |
| 12:04 | Build | Palisade Wall |
| 12:19 | Build | Palisade Wall |
| 12:33 | Create | Villager (Male) |
| 12:42 | Build | House |
| 12:57 | Build | House |
| 13:01 | Build | Palisade Wall |
| 13:03 | Build | Palisade Wall |
| 13:09 | Age | Feudal Age |
| 13:10 | Build | Palisade Gate |
| 13:13 | Build | Palisade Wall |
| 13:14 | Build | Palisade Wall |
| 13:19 | Build | Archery Range |
| 13:22 | Create | Villager (Male) |
| 13:43 | Research | Double-Bit Axe |
| 13:43 | Research | Double-Bit Axe |
| 13:43 | Research | Double-Bit Axe |
| 13:48 | Create | Villager (Male) |
| 13:58 | Build | Blacksmith |
| 14:05 | Research | Loom |
| 14:05 | Create | Villager (Male) |
| 14:05 | Create | Villager (Male) |
| 14:05 | Create | Villager (Male) |
| 14:05 | Create | Villager (Male) |
| 14:07 | Create | Archer |
| 14:07 | Create | Archer |
| 14:07 | Create | Archer |
| 14:07 | Create | Archer |
| 14:46 | Build | Mining Camp |
| 14:59 | Research | Fletching |
| 15:07 | Build | Archery Range |
| 15:23 | Create | Villager (Male) |
| 15:39 | Build | Mill |
| 15:51 | Build | Mill |
| 15:56 | Create | Villager (Male) |
| 15:58 | Create | Archer |
| 15:58 | Create | Archer |
| 16:08 | Create | Villager (Male) |
| 16:27 | Create | Archer |
| 16:27 | Create | Archer |
| 17:05 | Build | House |
| 17:06 | Build | House |
| 17:17 | Build | House |
| 17:19 | Build | House |
| 17:53 | Build | Farm |
| 17:53 | Build | Farm |
| 17:54 | Build | Farm |
| 17:54 | Build | Farm |
| 17:56 | Research | Horse Collar |
| 17:56 | Research | Horse Collar |
| 17:56 | Research | Horse Collar |
| 18:07 | Create | Archer |
| 18:07 | Create | Archer |
| 18:27 | Create | Archer |
| 18:27 | Create | Archer |
| 18:28 | Create | Villager (Male) |
| 18:38 | Create | Villager (Male) |
| 18:43 | Build | Outpost |
| 18:44 | Build | Outpost |
| 18:45 | Build | Outpost |
| 19:03 | Create | Villager (Male) |
| 19:22 | Create | Villager (Male) |
| 19:33 | Build | Mill |
| 20:06 | Research | Castle Age |
| 20:14 | Create | Archer |
| 20:14 | Create | Archer |
| 20:41 | Create | Archer |
| 20:41 | Create | Archer |
| 20:51 | Research | Gold Mining |
| 20:51 | Research | Gold Mining |
| 20:51 | Research | Gold Mining |
| 20:52 | Research | Gold Mining |
| 21:07 | Create | Archer |
| 21:07 | Create | Archer |
| 21:13 | Research | Padded Archer Armor |
| 21:19 | Build | Farm |
| 21:19 | Build | Farm |
| 21:19 | Build | Farm |
| 21:19 | Build | Farm |
| 21:44 | Create | Villager (Male) |
| 21:46 | Create | Archer |
| 21:46 | Create | Archer |
| 21:46 | Create | Archer |
| 21:55 | Create | Villager (Male) |
Build order — 中方县最后一个老实人
First 150 of 516 actions detected
| 0:17 | Build | Town Center |
| 0:39 | Build | Mill |
| 0:41 | Build | House |
| 1:59 | Build | Palisade Wall |
| 2:02 | Build | Palisade Wall |
| 2:04 | Build | Palisade Wall |
| 2:57 | Create | Villager (Male) |
| 2:57 | Create | Villager (Male) |
| 3:26 | Create | Villager (Male) |
| 3:27 | Create | Villager (Male) |
| 4:29 | Build | House |
| 4:37 | Create | Villager (Male) |
| 4:37 | Create | Villager (Male) |
| 4:59 | Build | House |
| 5:03 | Create | Villager (Male) |
| 5:03 | Create | Villager (Male) |
| 5:25 | Build | House |
| 5:32 | Create | Villager (Male) |
| 5:32 | Create | Villager (Male) |
| 5:32 | Create | Villager (Male) |
| 6:03 | Create | Villager (Male) |
| 6:52 | Create | Villager (Male) |
| 6:52 | Create | Villager (Male) |
| 7:10 | Create | Villager (Male) |
| 7:49 | Build | House |
| 8:05 | Create | Villager (Male) |
| 8:08 | Build | House |
| 8:29 | Build | Barracks |
| 8:34 | Create | Villager (Male) |
| 8:34 | Create | Villager (Male) |
| 9:21 | Create | Villager (Male) |
| 9:43 | Research | Feudal Age |
| 10:04 | Build | House |
| 10:07 | Build | Palisade Wall |
| 10:08 | Build | Palisade Wall |
| 10:10 | Build | Palisade Wall |
| 10:42 | Build | Lumber Camp |
| 11:29 | Create | Villager (Male) |
| 11:30 | Create | Villager (Male) |
| 11:55 | Build | House |
| 11:59 | Age | Feudal Age |
| 12:01 | Build | House |
| 12:14 | Build | Stable |
| 12:17 | Build | House |
| 12:31 | Build | House |
| 12:41 | Research | Double-Bit Axe |
| 12:53 | Build | Mill |
| 12:58 | Create | Villager (Male) |
| 13:04 | Build | House |
| 13:05 | Build | House |
| 13:15 | Create | Scout Cavalry |
| 13:15 | Create | Scout Cavalry |
| 13:15 | Create | Scout Cavalry |
| 13:23 | Build | Palisade Wall |
| 13:28 | Build | Palisade Wall |
| 13:36 | Create | Villager (Male) |
| 13:54 | Create | Villager (Male) |
| 13:57 | Create | Scout Cavalry |
| 14:18 | Create | Villager (Male) |
| 14:29 | Build | Mill |
| 14:34 | Build | Mining Camp |
| 14:37 | Create | Villager (Male) |
| 14:43 | Create | Scout Cavalry |
| 15:09 | Create | Scout Cavalry |
| 15:09 | Create | Scout Cavalry |
| 15:21 | Create | Villager (Male) |
| 15:21 | Create | Villager (Male) |
| 16:00 | Create | Villager (Male) |
| 16:00 | Create | Villager (Male) |
| 16:00 | Create | Villager (Male) |
| 16:05 | Build | Mill |
| 16:06 | Create | Villager (Male) |
| 16:18 | Create | Scout Cavalry |
| 16:33 | Research | Loom |
| 16:33 | Research | Loom |
| 16:34 | Build | House |
| 16:55 | Create | Scout Cavalry |
| 17:28 | Create | Villager (Male) |
| 17:28 | Create | Villager (Male) |
| 17:35 | Build | Market |
| 18:27 | Research | Town Watch |
| 18:38 | Research | Castle Age |
| 19:14 | Build | Mill |
| 19:27 | Research | Bloodlines |
| 19:27 | Research | Bloodlines |
| 19:30 | Build | House |
| 19:42 | Build | Blacksmith |
| 21:31 | Build | Archery Range |
| 21:32 | Age | Castle Age |
| 21:33 | Build | Archery Range |
| 21:34 | Create | Villager (Male) |
| 21:35 | Create | Villager (Male) |
| 22:04 | Create | Villager (Male) |
| 22:44 | Research | Elite Skirmisher (upgrade) |
| 22:45 | Create | Skirmisher |
| 22:49 | Create | Villager (Male) |
| 22:54 | Build | Town Center |
| 23:11 | Research | Scale Barding Armor |
| 23:25 | Create | Villager (Male) |
| 23:26 | Create | Villager (Male) |
| 23:39 | Create | Villager (Male) |
| 23:39 | Create | Villager (Male) |
| 23:53 | Build | Outpost |
| 23:57 | Create | Villager (Male) |
| 24:11 | Research | Horse Collar |
| 24:12 | Research | Wheelbarrow |
| 24:16 | Research | Bow Saw |
| 24:16 | Research | Bow Saw |
| 24:17 | Build | Farm |
| 24:18 | Build | Farm |
| 24:18 | Build | Farm |
| 24:18 | Build | Farm |
| 24:18 | Build | Farm |
| 24:19 | Build | Farm |
| 24:19 | Build | Farm |
| 24:41 | Build | Farm |
| 24:41 | Build | Farm |
| 24:42 | Build | Farm |
| 24:42 | Build | Farm |
| 24:42 | Build | Farm |
| 24:44 | Create | Villager (Male) |
| 25:07 | Create | Villager (Male) |
| 25:07 | Create | Villager (Male) |
| 25:15 | Create | Skirmisher |
| 25:15 | Create | Skirmisher |
| 25:16 | Create | Skirmisher |
| 25:48 | Research | Wheelbarrow |
| 25:49 | Build | House |
| 25:50 | Build | House |
| 25:51 | Build | House |
| 26:25 | Research | Chain Barding Armor |
| 26:26 | Create | Villager (Male) |
| 26:27 | Create | Villager (Male) |
| 26:27 | Create | Villager (Male) |
| 26:30 | Research | Elite Skirmisher (upgrade) |
| 26:31 | Research | Fletching |
| 26:31 | Research | Fletching |
| 26:33 | Create | Skirmisher |
| 26:34 | Create | Skirmisher |
| 27:19 | Build | House |
| 27:22 | Create | Villager (Male) |
| 27:25 | Create | Villager (Male) |
| 27:30 | Create | Skirmisher |
| 27:30 | Create | Skirmisher |
| 27:36 | Create | Villager (Male) |
| 27:42 | Create | Villager (Male) |
| 28:11 | Create | Villager (Male) |
| 28:11 | Create | Villager (Male) |
| 28:26 | Create | Skirmisher ×5 |
| 28:35 | Build | Town Center |
Build order — Via
First 150 of 482 actions detected
| 0:38 | Build | Town Center |
| 0:51 | Build | Palisade Wall |
| 0:55 | Build | Palisade Wall |
| 0:59 | Build | Palisade Wall |
| 2:44 | Create | Villager (Male) |
| 2:46 | Create | Villager (Male) |
| 2:47 | Create | Villager (Male) |
| 2:49 | Create | Villager (Male) |
| 3:02 | Build | Palisade Wall |
| 3:04 | Build | Palisade Wall |
| 3:31 | Build | Palisade Wall |
| 3:41 | Research | Loom |
| 3:41 | Create | Villager (Male) |
| 3:45 | Build | House |
| 3:46 | Create | Villager (Male) |
| 3:47 | Create | Villager (Male) |
| 3:47 | Create | Villager (Male) |
| 3:54 | Build | House |
| 5:21 | Create | Villager (Male) |
| 5:22 | Create | Villager (Male) |
| 6:05 | Create | Villager (Male) |
| 6:05 | Create | Villager (Male) |
| 6:16 | Build | House |
| 6:25 | Create | Villager (Male) |
| 6:25 | Create | Villager (Male) |
| 6:28 | Create | Villager (Male) |
| 6:55 | Create | Villager (Male) |
| 6:56 | Create | Villager (Male) |
| 7:06 | Build | House |
| 7:15 | Create | Villager (Male) |
| 7:39 | Build | Lumber Camp |
| 7:44 | Create | Villager (Male) |
| 7:44 | Create | Villager (Male) |
| 8:08 | Create | Villager (Male) |
| 8:08 | Create | Villager (Male) |
| 8:34 | Create | Villager (Male) |
| 8:35 | Create | Villager (Male) |
| 9:06 | Create | Villager (Male) |
| 9:11 | Create | Villager (Male) |
| 9:16 | Create | Villager (Male) |
| 9:25 | Create | Villager (Male) |
| 9:57 | Build | Mill |
| 10:08 | Build | House |
| 10:30 | Create | Villager (Male) |
| 10:48 | Build | Mining Camp |
| 11:27 | Build | House |
| 11:57 | Create | Villager (Male) |
| 12:12 | Create | Villager (Male) |
| 13:04 | Research | Feudal Age |
| 14:30 | Create | Villager (Male) |
| 14:30 | Create | Villager (Male) |
| 15:14 | Age | Feudal Age |
| 15:16 | Build | Market |
| 15:19 | Build | Blacksmith |
| 15:30 | Research | Double-Bit Axe |
| 16:06 | Build | House |
| 16:08 | Build | Palisade Wall |
| 16:26 | Research | Castle Age |
| 16:54 | Build | Outpost |
| 17:03 | Build | Outpost |
| 17:08 | Research | Town Watch |
| 17:10 | Create | Villager (Male) |
| 17:39 | Build | Outpost |
| 17:43 | Build | House |
| 18:05 | Research | Scale Mail Armor |
| 18:39 | Build | Barracks |
| 18:44 | Create | Villager (Male) |
| 18:46 | Build | House |
| 19:06 | Age | Castle Age |
| 19:09 | Build | Castle |
| 19:10 | Research | Bow Saw |
| 19:12 | Create | Villager (Male) |
| 19:18 | Create | Villager (Male) |
| 19:23 | Build | House |
| 19:26 | Create | Villager (Male) |
| 19:26 | Create | Villager (Male) |
| 19:35 | Research | Squires |
| 19:36 | Research | Squires |
| 19:48 | Build | Mill |
| 20:07 | Build | House |
| 20:12 | Build | Palisade Wall |
| 20:19 | Build | Palisade Wall |
| 20:22 | Build | Palisade Wall |
| 20:23 | Build | Palisade Wall |
| 20:32 | Create | Shotel Warrior |
| 20:32 | Create | Shotel Warrior |
| 20:33 | Create | Shotel Warrior |
| 20:43 | Build | Palisade Wall |
| 20:45 | Build | Palisade Wall |
| 20:59 | Create | Shotel Warrior |
| 20:59 | Create | Shotel Warrior |
| 21:00 | Create | Shotel Warrior |
| 21:00 | Create | Shotel Warrior |
| 21:31 | Create | Shotel Warrior |
| 21:31 | Create | Shotel Warrior |
| 21:32 | Create | Shotel Warrior |
| 21:43 | Create | Villager (Male) |
| 21:43 | Create | Villager (Male) |
| 21:46 | Build | Siege Workshop |
| 22:05 | Create | Villager (Male) |
| 22:06 | Create | Villager (Male) |
| 22:28 | Create | Villager (Male) |
| 22:30 | Create | Mangonel |
| 22:30 | Create | Mangonel |
| 22:44 | Create | Shotel Warrior |
| 22:44 | Create | Shotel Warrior |
| 22:47 | Create | Villager (Male) |
| 23:22 | Create | Villager (Male) |
| 23:22 | Create | Villager (Male) |
| 23:23 | Create | Villager (Male) |
| 23:33 | Create | Mangonel |
| 23:38 | Create | Shotel Warrior |
| 23:38 | Create | Shotel Warrior |
| 23:39 | Create | Shotel Warrior |
| 23:44 | Build | House |
| 23:58 | Create | Villager (Male) |
| 24:12 | Create | Shotel Warrior |
| 24:13 | Create | Villager (Male) |
| 24:24 | Create | Villager (Male) |
| 24:24 | Create | Villager (Male) |
| 24:44 | Create | Shotel Warrior |
| 24:44 | Create | Shotel Warrior |
| 24:49 | Create | Shotel Warrior |
| 24:49 | Create | Shotel Warrior |
| 24:57 | Create | Villager (Male) |
| 24:57 | Create | Villager (Male) |
| 25:11 | Create | Villager (Male) |
| 25:12 | Create | Villager (Male) |
| 25:24 | Create | Villager (Male) |
| 25:34 | Create | Villager (Male) |
| 25:50 | Create | Shotel Warrior |
| 25:50 | Create | Shotel Warrior |
| 25:52 | Create | Villager (Male) |
| 25:53 | Create | Villager (Male) |
| 26:00 | Build | Lumber Camp |
| 26:07 | Create | Shotel Warrior |
| 26:09 | Create | Villager (Male) |
| 26:09 | Create | Villager (Male) |
| 26:28 | Create | Shotel Warrior |
| 26:28 | Create | Shotel Warrior |
| 27:25 | Create | Shotel Warrior |
| 27:26 | Create | Shotel Warrior |
| 27:31 | Create | Villager (Male) |
| 27:32 | Create | Villager (Male) |
| 27:36 | Build | Town Center |
| 27:36 | Create | Villager (Male) |
| 27:43 | Create | Villager (Male) |
| 27:43 | Create | Villager (Male) |
| 28:03 | Create | Shotel Warrior |
| 28:03 | Create | Shotel Warrior |
Build order — Dongbaba
First 150 of 508 actions detected
| 0:14 | Build | Town Center |
| 1:11 | Build | House |
| 1:25 | Build | House |
| 1:44 | Build | House |
| 1:56 | Build | Palisade Wall |
| 2:00 | Build | House |
| 2:08 | Build | House |
| 2:51 | Create | Villager (Male) |
| 2:51 | Create | Villager (Male) |
| 2:51 | Create | Villager (Male) |
| 2:51 | Create | Villager (Male) |
| 3:10 | Build | House |
| 3:18 | Research | Loom |
| 3:19 | Create | Villager (Male) ×2 |
| 3:19 | Create | Villager (Male) ×2 |
| 3:50 | Create | Villager (Male) |
| 3:50 | Create | Villager (Male) |
| 3:56 | Build | Lumber Camp |
| 4:03 | Build | House |
| 4:34 | Create | Villager (Male) |
| 4:35 | Create | Villager (Male) |
| 4:35 | Create | Villager (Male) |
| 4:39 | Build | House |
| 5:09 | Create | Villager (Male) |
| 5:10 | Create | Villager (Male) |
| 5:30 | Create | Villager (Male) |
| 5:31 | Create | Villager (Male) |
| 5:45 | Create | Villager (Male) |
| 5:45 | Create | Villager (Male) |
| 6:16 | Create | Villager (Male) |
| 6:16 | Create | Villager (Male) |
| 6:17 | Create | Villager (Male) |
| 7:03 | Create | Villager (Male) |
| 7:28 | Create | Villager (Male) |
| 7:28 | Create | Villager (Male) |
| 7:44 | Create | Villager (Male) |
| 7:44 | Create | Villager (Male) |
| 7:46 | Create | Villager (Male) |
| 7:46 | Create | Villager (Male) |
| 7:47 | Create | Villager (Male) |
| 8:15 | Create | Villager (Male) |
| 8:15 | Create | Villager (Male) |
| 8:20 | Build | House |
| 8:29 | Create | Villager (Male) |
| 8:29 | Create | Villager (Male) |
| 8:37 | Build | House |
| 9:05 | Build | House |
| 10:15 | Build | Mining Camp |
| 10:40 | Build | Mill |
| 10:59 | Research | Feudal Age |
| 11:32 | Create | Villager (Male) |
| 11:32 | Create | Villager (Male) |
| 13:24 | Age | Feudal Age |
| 13:27 | Build | Market |
| 13:33 | Build | Blacksmith |
| 14:17 | Build | Palisade Wall |
| 14:20 | Build | House |
| 14:37 | Research | Castle Age |
| 14:38 | Research | Castle Age |
| 15:08 | Research | Double-Bit Axe |
| 15:22 | Build | House |
| 16:12 | Build | House |
| 16:17 | Build | House |
| 16:39 | Research | Wheelbarrow |
| 16:40 | Create | Villager (Male) |
| 16:40 | Create | Villager (Male) |
| 16:43 | Research | Town Watch |
| 16:54 | Build | House |
| 16:56 | Build | House |
| 17:17 | Age | Castle Age |
| 17:44 | Create | Villager (Male) |
| 17:44 | Create | Villager (Male) |
| 17:49 | Research | Bow Saw |
| 18:24 | Research | Horse Collar |
| 19:09 | Build | Castle |
| 19:17 | Create | Villager (Male) |
| 19:28 | Build | Farm |
| 19:46 | Research | Fletching |
| 19:53 | Build | Farm |
| 19:53 | Build | Farm |
| 20:00 | Build | Farm |
| 20:35 | Build | Farm |
| 20:41 | Create | Plumed Archer |
| 20:54 | Create | Villager (Male) |
| 20:54 | Create | Villager (Male) |
| 20:54 | Create | Villager (Male) |
| 21:06 | Create | Plumed Archer |
| 21:09 | Create | Villager (Male) |
| 21:17 | Build | Lumber Camp |
| 21:35 | Create | Villager (Male) |
| 21:44 | Create | Plumed Archer |
| 21:55 | Create | Villager (Male) |
| 21:59 | Create | Plumed Archer |
| 22:26 | Create | Villager (Male) |
| 22:26 | Create | Villager (Male) |
| 22:53 | Create | Plumed Archer |
| 22:53 | Create | Plumed Archer |
| 22:55 | Create | Villager (Male) |
| 23:08 | Create | Plumed Archer |
| 23:17 | Create | Plumed Archer |
| 23:20 | Create | Villager (Male) |
| 23:21 | Create | Villager (Male) |
| 23:34 | Create | Plumed Archer |
| 23:52 | Create | Plumed Archer |
| 23:52 | Create | Plumed Archer |
| 24:04 | Build | Town Center |
| 24:13 | Create | Villager (Male) |
| 24:13 | Create | Villager (Male) |
| 24:24 | Build | Farm |
| 24:26 | Build | Farm |
| 24:28 | Build | Farm |
| 24:33 | Create | Plumed Archer |
| 25:14 | Create | Plumed Archer |
| 25:14 | Create | Plumed Archer |
| 25:20 | Create | Villager (Male) |
| 25:20 | Create | Villager (Male) |
| 25:24 | Create | Villager (Male) |
| 25:24 | Create | Villager (Male) |
| 25:48 | Create | Villager (Male) |
| 25:48 | Create | Villager (Male) |
| 26:03 | Create | Villager (Male) |
| 26:03 | Create | Villager (Male) |
| 26:05 | Build | Farm |
| 26:07 | Build | Farm |
| 26:07 | Build | Farm |
| 26:19 | Create | Villager (Male) |
| 26:21 | Create | Plumed Archer |
| 26:21 | Create | Plumed Archer |
| 26:21 | Create | Plumed Archer |
| 26:22 | Create | Plumed Archer |
| 26:29 | Create | Villager (Male) |
| 26:29 | Create | Villager (Male) |
| 26:57 | Create | Villager (Male) |
| 26:57 | Create | Villager (Male) |
| 26:57 | Create | Villager (Male) |
| 26:57 | Create | Villager (Male) |
| 27:06 | Create | Plumed Archer |
| 27:06 | Create | Plumed Archer |
| 27:28 | Create | Villager (Male) |
| 27:29 | Create | Villager (Male) |
| 27:40 | Create | Plumed Archer |
| 27:41 | Create | Plumed Archer |
| 27:49 | Create | Villager (Male) |
| 27:49 | Create | Villager (Male) |
| 27:57 | Create | Villager (Male) |
| 27:57 | Create | Villager (Male) |
| 28:07 | Build | Farm |
| 28:08 | Build | Farm |
| 28:10 | Create | Villager (Male) |
| 28:10 | Create | Villager (Male) |
Build order — Zead
First 150 of 631 actions detected
| 0:26 | Build | Town Center |
| 0:36 | Build | House |
| 0:43 | Build | House |
| 1:11 | Build | Palisade Wall |
| 2:29 | Build | Palisade Wall |
| 2:31 | Build | Palisade Wall |
| 2:32 | Build | Palisade Wall |
| 2:36 | Build | Palisade Wall |
| 2:42 | Create | Villager (Male) |
| 2:43 | Create | Villager (Male) |
| 2:44 | Create | Villager (Male) |
| 2:57 | Create | Villager (Male) |
| 2:57 | Create | Villager (Male) |
| 3:26 | Build | Palisade Wall |
| 3:29 | Build | Palisade Wall |
| 3:33 | Build | Palisade Wall |
| 3:34 | Build | Palisade Wall |
| 3:37 | Build | Palisade Wall |
| 3:40 | Build | Palisade Wall |
| 3:42 | Build | Palisade Wall |
| 3:43 | Build | Palisade Wall |
| 3:46 | Create | Villager (Male) |
| 3:46 | Create | Villager (Male) |
| 3:58 | Build | Palisade Wall |
| 4:00 | Build | Palisade Wall |
| 4:22 | Create | Villager (Male) |
| 4:23 | Create | Villager (Male) |
| 5:03 | Build | House |
| 5:11 | Create | Villager (Male) |
| 5:11 | Create | Villager (Male) |
| 5:12 | Create | Villager (Male) |
| 5:15 | Create | Villager (Male) |
| 5:15 | Create | Villager (Male) |
| 5:51 | Research | Loom |
| 6:15 | Create | Villager (Male) |
| 6:15 | Create | Villager (Male) |
| 6:16 | Create | Villager (Male) |
| 6:22 | Create | Villager (Male) |
| 6:23 | Create | Villager (Male) |
| 6:31 | Create | Villager (Male) |
| 6:40 | Create | Villager (Male) |
| 7:03 | Build | Lumber Camp |
| 7:04 | Create | Villager (Male) |
| 7:16 | Create | Villager (Male) |
| 7:44 | Create | Villager (Male) |
| 8:07 | Build | House |
| 8:31 | Create | Villager (Male) |
| 8:40 | Create | Villager (Male) |
| 8:48 | Create | Villager (Male) |
| 9:27 | Create | Villager (Male) |
| 9:36 | Build | House |
| 9:39 | Build | House |
| 9:42 | Create | Villager (Male) |
| 10:43 | Build | House |
| 11:11 | Create | Villager (Male) |
| 11:50 | Build | Mill |
| 12:10 | Research | Feudal Age |
| 12:19 | Build | Mining Camp |
| 13:08 | Create | Villager (Male) |
| 13:08 | Create | Villager (Male) |
| 13:44 | Build | Palisade Gate |
| 13:48 | Build | House |
| 13:51 | Build | House |
| 14:13 | Create | Villager (Male) |
| 14:22 | Age | Feudal Age |
| 14:30 | Build | Market |
| 14:35 | Research | Town Watch |
| 15:24 | Create | Villager (Male) |
| 15:28 | Build | Blacksmith |
| 16:00 | Research | Double-Bit Axe |
| 16:03 | Research | Castle Age |
| 17:37 | Create | Villager (Male) |
| 17:41 | Build | Barracks |
| 18:29 | Create | Spearman |
| 18:43 | Age | Castle Age |
| 18:58 | Build | Castle |
| 19:10 | Research | Wheelbarrow |
| 19:12 | Research | Bow Saw |
| 19:13 | Create | Villager (Male) |
| 20:10 | Create | Villager (Male) |
| 20:22 | Create | Conquistador |
| 20:25 | Research | Horse Collar |
| 20:31 | Create | Villager (Male) |
| 20:51 | Create | Conquistador |
| 21:10 | Build | Town Center |
| 21:16 | Create | Conquistador |
| 21:38 | Create | Villager (Male) |
| 22:08 | Create | Villager (Male) |
| 22:12 | Build | Town Center |
| 22:21 | Build | Town Center |
| 22:30 | Create | Villager (Male) |
| 22:35 | Create | Conquistador |
| 22:53 | Create | Villager (Male) |
| 22:55 | Create | Villager (Male) |
| 23:00 | Create | Villager (Male) |
| 23:10 | Build | Farm |
| 23:14 | Build | Farm |
| 23:34 | Build | Farm |
| 23:36 | Build | Farm |
| 23:38 | Build | Farm |
| 23:41 | Build | Farm |
| 23:43 | Create | Villager (Male) |
| 23:52 | Build | Farm |
| 23:54 | Build | Farm |
| 23:56 | Build | Farm |
| 24:03 | Create | Villager (Male) |
| 24:03 | Create | Villager (Male) |
| 24:04 | Create | Villager (Male) |
| 24:04 | Create | Villager (Male) |
| 24:21 | Build | Farm |
| 24:55 | Create | Conquistador |
| 24:57 | Create | Villager (Male) |
| 24:57 | Create | Villager (Male) |
| 25:01 | Build | Farm |
| 25:13 | Build | Farm |
| 25:15 | Build | Farm |
| 25:18 | Create | Conquistador |
| 25:27 | Create | Villager (Male) |
| 25:35 | Create | Villager (Male) |
| 25:36 | Create | Villager (Male) |
| 25:39 | Build | Farm |
| 25:40 | Build | Farm |
| 25:45 | Build | Farm |
| 25:50 | Build | Farm |
| 25:51 | Build | Farm |
| 25:53 | Build | Farm |
| 25:54 | Build | Farm |
| 25:56 | Create | Villager (Male) |
| 25:57 | Research | Padded Archer Armor |
| 26:11 | Create | Conquistador |
| 26:12 | Create | Villager (Male) |
| 26:19 | Create | Villager (Male) |
| 26:43 | Create | Villager (Male) |
| 26:48 | Create | Conquistador |
| 26:50 | Create | Villager (Male) |
| 26:52 | Build | Farm |
| 26:52 | Build | Farm |
| 26:57 | Create | Villager (Male) |
| 27:13 | Create | Villager (Male) |
| 27:22 | Create | Conquistador |
| 27:23 | Create | Villager (Male) |
| 27:31 | Create | Villager (Male) |
| 27:38 | Create | Villager (Male) |
| 27:41 | Create | Villager (Male) |
| 27:48 | Build | Town Center |
| 28:08 | Create | Villager (Male) |
| 28:09 | Create | Villager (Male) |
| 28:09 | Create | Villager (Male) |
| 28:19 | Create | Conquistador |
| 28:21 | Create | Villager (Male) |
Match timeline
| 0:51 | Via · wall_segment Palisade Wall x1 |
| 0:55 | Via · wall_segment Palisade Wall x1 |
| 0:59 | Via · wall_segment Palisade Wall x1 |
| 1:11 | Zead · wall_segment Palisade Wall x1 |
| 1:56 | Dongbaba · wall_segment Palisade Wall x1 |
| 1:59 | 中方县最后一个老实人 · wall_segment Palisade Wall x2 |
| 2:02 | 中方县最后一个老实人 · wall_segment Palisade Wall x1 |
| 2:04 | 中方县最后一个老实人 · wall_segment Palisade Wall x1 |
| 2:29 | Zead · wall_segment Palisade Wall x1 |
| 2:31 | Zead · wall_segment Palisade Wall x1 |
| 2:32 | Zead · wall_segment Palisade Wall x1 |
| 2:36 | Zead · wall_segment Palisade Wall x1 |
| 2:53 | thebjornlothbrok · wall_segment Palisade Wall x1 |
| 2:58 | thebjornlothbrok · wall_segment Palisade Wall x1 |
| 3:00 | thebjornlothbrok · wall_segment Palisade Wall x1 |
| 3:02 | Via · wall_segment Palisade Wall x1 |
| 3:03 | thebjornlothbrok · wall_segment Palisade Wall x1 |
| 3:04 | Via · wall_segment Palisade Wall x1 |
| 3:06 | thebjornlothbrok · wall_segment Palisade Wall x1 |
| 3:26 | Zead · wall_segment Palisade Wall x1 |
| 3:29 | Zead · wall_segment Palisade Wall x1 |
| 3:31 | Via · wall_segment Palisade Wall x1 |
| 3:33 | Zead · wall_segment Palisade Wall x1 |
| 3:34 | Zead · wall_segment Palisade Wall x1 |
| 3:37 | Zead · wall_segment Palisade Wall x1 |
| 3:40 | Zead · wall_segment Palisade Wall x1 |
| 3:42 | Zead · wall_segment Palisade Wall x1 |
| 3:43 | Zead · wall_segment Palisade Wall x1 |
| 3:58 | Zead · wall_segment Palisade Wall x1 |
| 4:00 | Zead · wall_segment Palisade Wall x1 |
| 8:29 | 中方县最后一个老实人 · first_building Barracks |
| 10:07 | 中方县最后一个老实人 · wall_segment Palisade Wall x1 |
| 10:08 | 中方县最后一个老实人 · wall_segment Palisade Wall x1 |
| 10:10 | 中方县最后一个老实人 · wall_segment Palisade Wall x1 |
| 11:37 | Vetinari · wall_segment Palisade Wall x9 |
| 11:59 | 中方县最后一个老实人 · age_up feudal |
| 12:01 | Vetinari · first_building Barracks |
| 12:04 | Vetinari · wall_segment Palisade Wall x1 |
| 12:14 | 中方县最后一个老实人 · first_building Stable |
| 12:19 | Vetinari · wall_segment Palisade Wall x8 |
| 12:50 | thebjornlothbrok · wall_segment Palisade Wall x1 |
| 12:51 | thebjornlothbrok · wall_segment Palisade Wall x1 |
| 12:53 | thebjornlothbrok · wall_segment Palisade Wall x1 |
| 12:54 | 长雪糕 · wall_segment Palisade Wall x1 |
| 12:57 | thebjornlothbrok · wall_segment Palisade Wall x1 |
| 12:57 | 长雪糕 · wall_segment Palisade Wall x2 |
| 12:58 | thebjornlothbrok · wall_segment Palisade Wall x1 |
| 12:59 | thebjornlothbrok · wall_segment Palisade Wall x1 |
| 13:00 | thebjornlothbrok · wall_segment Palisade Wall x1 |
| 13:01 | thebjornlothbrok · wall_segment Palisade Wall x1 |
| 13:01 | Vetinari · wall_segment Palisade Wall x3 |
| 13:03 | Vetinari · wall_segment Palisade Wall x1 |
| 13:09 | Vetinari · age_up feudal |
| 13:13 | Vetinari · wall_segment Palisade Wall x2 |
| 13:14 | Vetinari · wall_segment Palisade Wall x1 |
| 13:19 | Vetinari · first_building Archery Range |
| 13:23 | 中方县最后一个老实人 · wall_segment Palisade Wall x1 |
| 13:23 | 凯里小风风 · age_up feudal |
| 13:24 | Dongbaba · age_up feudal |
| 13:28 | 中方县最后一个老实人 · wall_segment Palisade Wall x1 |
| 13:44 | thebjornlothbrok · wall_segment Palisade Wall x1 |
| 13:44 | thebjornlothbrok · wall_segment Palisade Wall x1 |
| 13:45 | 长雪糕 · wall_segment Palisade Wall x1 |
| 13:54 | 长雪糕 · wall_segment Palisade Wall x1 |
| 13:54 | 长雪糕 · wall_segment Palisade Wall x1 |
| 13:55 | 长雪糕 · wall_segment Palisade Wall x1 |
| 13:58 | 长雪糕 · wall_segment Palisade Wall x1 |
| 13:58 | 长雪糕 · wall_segment Palisade Wall x1 |
| 14:17 | Dongbaba · wall_segment Palisade Wall x1 |
| 14:22 | Zead · age_up feudal |
| 15:05 | thebjornlothbrok · age_up feudal |
| 15:14 | Via · age_up feudal |
| 15:59 | thebjornlothbrok · first_market_sell 100 stone |
| 16:08 | Via · wall_segment Palisade Wall x1 |
| 16:09 | 长雪糕 · age_up feudal |
| 17:17 | Dongbaba · age_up castle |
| 17:19 | 凯里小风风 · age_up castle |
| 17:39 | 凯里小风风 · first_building Siege Workshop |
| 17:41 | Zead · first_building Barracks |
| 18:07 | 凯里小风风 · first_building Monastery |
| 18:10 | thebjornlothbrok · first_building Barracks |
| 18:39 | Via · first_building Barracks |
| 18:40 | thebjornlothbrok · age_up castle |
| 18:43 | Zead · age_up castle |
| 18:46 | thebjornlothbrok · first_building Castle |
| 18:51 | 长雪糕 · first_market_sell 100 food |
| 18:58 | Zead · first_building Castle |
| 19:06 | Via · age_up castle |
| 19:09 | Dongbaba · first_building Castle |
| 19:09 | Via · first_building Castle |
| 19:57 | 长雪糕 · age_up castle |
| 20:06 | 长雪糕 · first_market_buy 100 stone |
| 20:12 | Via · wall_segment Palisade Wall x1 |
| 20:19 | Via · wall_segment Palisade Wall x1 |
| 20:22 | Via · wall_segment Palisade Wall x1 |
| 20:23 | Via · wall_segment Palisade Wall x1 |
| 20:43 | thebjornlothbrok · wall_segment Palisade Wall x1 |
| 20:43 | Via · wall_segment Palisade Wall x1 |
| 20:44 | thebjornlothbrok · wall_segment Palisade Wall x1 |
| 20:45 | Via · wall_segment Palisade Wall x1 |
| 20:46 | thebjornlothbrok · wall_segment Palisade Wall x1 |
| 20:47 | thebjornlothbrok · wall_segment Palisade Wall x1 |
| 20:55 | thebjornlothbrok · wall_segment Palisade Wall x1 |
| 20:56 | Via · first_market_buy 100 food |
| 20:57 | thebjornlothbrok · wall_segment Palisade Wall x1 |
| 21:29 | Via · first_market_sell 100 wood |
| 21:31 | 中方县最后一个老实人 · first_building Archery Range |
| 21:32 | 中方县最后一个老实人 · age_up castle |
| 21:46 | Via · first_building Siege Workshop |
| 21:46 | Zead · first_market_buy 100 wood |
| 21:58 | 长雪糕 · first_building Siege Workshop |
| 22:48 | Vetinari · age_up castle |
| 23:45 | Vetinari · first_building Stable |
| 27:48 | 长雪糕 · first_building Monastery |
| 28:21 | thebjornlothbrok · first_market_buy 100 food |
| 31:02 | Vetinari · first_building Monastery |
| 31:47 | 凯里小风风 · first_building Castle |
| 33:37 | 中方县最后一个老实人 · wall_segment Palisade Wall x1 |
| 34:05 | Vetinari · first_building Castle |
| 35:18 | Zead · first_building Stable |
| 35:21 | thebjornlothbrok · first_building Stable |
| 36:04 | Vetinari · first_building Siege Workshop |
| 36:24 | 长雪糕 · first_building Castle |
| 37:04 | 中方县最后一个老实人 · first_building Castle |
| 37:05 | thebjornlothbrok · age_up imperial |
| 37:08 | Zead · wall_segment Stone Wall x21 |
| 37:26 | Dongbaba · first_building Barracks |
| 37:46 | Zead · age_up imperial |
| 38:31 | Zead · wall_segment Stone Wall x20 |
| 38:35 | Zead · wall_segment Stone Wall x11 |
| 38:36 | Zead · wall_segment Stone Wall x12 |
| 38:39 | Zead · wall_segment Stone Wall x30 |
| 38:41 | Zead · wall_segment Stone Wall x12 |
| 38:49 | Zead · wall_segment Stone Wall x17 |
| 39:26 | Vetinari · first_market_sell 100 food |
| 39:54 | 中方县最后一个老实人 · first_building Monastery |
| 39:57 | Zead · wall_segment Stone Wall x7 |
| 40:04 | Zead · wall_segment Stone Wall x3 |
| 40:12 | Zead · wall_segment Stone Wall x5 |
| 41:07 | Vetinari · first_market_buy 100 stone |
| 42:29 | 中方县最后一个老实人 · age_up imperial |
| 42:47 | thebjornlothbrok · first_building Siege Workshop |
| 43:01 | Dongbaba · age_up imperial |
| 43:04 | 中方县最后一个老实人 · first_building Siege Workshop |
| 43:43 | 凯里小风风 · first_building Barracks |
| 43:43 | Zead · first_building Siege Workshop |
| 43:51 | Vetinari · age_up imperial |
| 43:57 | 长雪糕 · age_up imperial |
| 44:07 | thebjornlothbrok · first_building Archery Range |
| 44:08 | Zead · first_market_sell 500 food |
| 44:34 | 凯里小风风 · age_up imperial |
| 46:06 | Via · age_up imperial |
| 47:30 | 长雪糕 · first_building Barracks |
| 47:43 | 中方县最后一个老实人 · first_market_buy 100 wood |
| 48:13 | 长雪糕 · first_building Archery Range |
| 49:57 | 中方县最后一个老实人 · first_market_sell 500 food |
| 51:45 | Via · wall_segment Stone Wall x10 |
| 52:06 | Dongbaba · first_market_sell 500 stone |
| 52:45 | 凯里小风风 · first_market_sell 100 wood |
| 53:04 | 凯里小风风 · first_market_buy 100 stone |
| 53:51 | Via · wall_segment Stone Wall x1 |
| 54:50 | Dongbaba · resign |
[ AI ANALYSIS · 1 CREDIT ]
What really happened in this match?
Wolo.gg analyzes every decision: build order, eco, micro, common mistakes by bracket. Personalized analysis on WhatsApp or Discord in 30 seconds.
Civ guide
Maya
Map guide
African Clearing
Perfil
Jugador #4944834